 Dungeon Crawl Stone Soup version 0.27-a0-1273-gec92ba881d (webtiles) character file.

Game seed: 552996856012304562

185 bobarctor the Grave Robber (level 5, -7/28 HPs)
             Began as a Deep Elf Necromancer on June 11, 2021.
             Was a Believer of Vehumet.
             Splashed by Ijyb's acid (11 damage)
             ... on level 4 of the Dungeon.
             The game lasted 00:15:28 (4508 turns).

bobarctor the Grave Robber (Deep Elf Necromancer)   Turns: 4508, Time: 00:15:29

Health: -7/28      AC:  2    Str:  5    XL:     5   Next: 37%
Magic:  24/24      EV: 13    Int: 21    God:    Vehumet [**....]
Gold:   78         SH:  0    Dex: 15    Spells: 8/15 levels left

rFire    . . .     SeeInvis .   e - +0 club
rCold    . . .     Faith    .   (no shield)
rNeg     . . .     Spirit   .   a - +0 robe
rPois    .         Reflect  .   (no helmet)
rElec    .         Harm     .   (no cloak)
rCorr    .         Rampage  .   (no gloves)
Will     .....                  (no boots)
Stlth    ++........             k - amulet of magic regeneration
HPRegen  0.09/turn              o - ring of magical power
MPRegen  0.44/turn              (no ring)

@: no status effects
A: no striking features
a: Renounce Religion


You were on level 4 of the Dungeon.
You worshipped Vehumet.
Vehumet was pleased with you.
You visited 1 branch of the dungeon, and saw 4 of its levels.

You collected 78 gold pieces.

Inventory:

Hand Weapons
 e - a +0 club (weapon)
Missiles
 f - 61 poisoned darts (quivered)
 i - 19 stones
 s - 26 bolts
Armour
 a - a +0 robe (worn)
Jewellery
 b - a ring of fire
 k - an amulet of magic regeneration (around neck)
 o - a ring of magical power (left hand)
Scrolls
 g - a scroll of blinking {unknown}
 l - 2 scrolls of teleportation {unknown}
 p - a scroll of magic mapping {unknown}
 q - a scroll of enchant armour {unknown}
 r - a scroll of acquirement {unknown}
Potions
 c - 2 potions of magic {unknown}
 d - 3 potions of curing {unknown}
 h - a potion of brilliance {unknown}
 j - a potion of heal wounds {unknown}
 m - a potion of mutation {unknown}
 n - a potion of might {unknown}


   Skills:
 + Level 2.7 Dodging
 + Level 3.0 Stealth
 * Level 5.6 Spellcasting
 * Level 1.7 Conjurations
 + Level 6.0 Necromancy


You had 8 spell levels left.
You knew the following spells:

 Your Spells              Type           Power      Damage    Failure   Level
a - Pain                  Necr           100%       1d9       1%          1
b - Animate Skeleton      Necr           62%        N/A       1%          1
c - Freeze                Ice            24%        1d5       10%         1
d - Vampiric Draining     Necr           15%        2d8       2%          3
e - Magic Dart            Conj           52%        1d5       4%          1

Your spell library contained the following spells:

 Spells                   Type           Power      Damage    Failure   Level
 Animate Dead             Necr           15%        N/A       9%          4
 Apportation              Tloc           10%        N/A       11%         1
 Corona                   Hex            5%         N/A       11%         1
 Summon Small Mammal      Summ           20%        N/A       11%         1
 Agony                    Necr           31%        N/A       24%         5


Dungeon Overview and Level Annotations

Branches:
Dungeon (4/15)
 Temple: D:4-7

Altars:
Vehumet

Shops:
D:2 [!([:

Annotations:
D:3 2 transporters, freelancePsychic's ghost, weakling DsTm
D:4 Ijyb


Message History

You draw life force from the gnoll!
You kill the gnoll!
Vehumet accepts your kill.
You feel life coursing into your body.
You start resting.
Magic restored.
You start resting.
HP restored.
Things that are here:
a +0 spear; a gnoll corpse You see here a +0 flail.
Things that are here:
a +0 spear; a gnoll corpse
Things that are here:
a +0 spear; a gnoll corpse
Things that are here:
a +0 spear; a gnoll corpse
Things that are here:
a +0 spear; a gnoll corpse You now have 78 gold pieces (gained 15).
d - 3 red potions (gained 1)
f - 61 poisoned darts (gained 12)
A ball python comes into view.
Casting: Vampiric Draining (dangerous; 2% risk of failure)
Confirm with . or Enter, or press ? or * to list all spells.
Aiming: Pain (safe; 1% risk of failure)
Press: ? - help, Shift-Dir - straight line, f - ball python
Aim: a ball python (asleep, chance to affect: 93%)
The ball python writhes in agony!
You kill the ball python!
Vehumet accepts your kill.
You feel your power returning.
You see here a +0 flail.
Ijyb the Twisted Goblin comes into view.
She is wielding a +0 dagger and carrying a wand of acid (8).
Ijyb shouts!
Ijyb zaps a wand.
The bolt of acid hits you!!
Ouch! That really hurt!
* * * LOW HITPOINT WARNING * * *
You are splashed with acid!
You die...

###############.#.#.
#.......#...@...g...
#.#####.#.#######.##
#......).)<#
#.......)..######
#...............#
#######.#######.#
#.....# #.# ######.#
#.# #....#.###.#


You could see Ijyb.

Vanquished Creatures
  2 orc wizards (D:3)
  3 gnolls (D:4)
  2 adders (D:2)
  2 worms (D:2)
  3 dart slugs
  3 orcs (D:3)
  6 endoplasms
  2 giant cockroaches
  4 goblins
  7 hobgoblins
  9 jackals (D:2)
  2 quokkas (D:3)
  7 ball pythons
  2 bats
  5 frilled lizards
  10 kobolds
  5 rats
74 creatures vanquished.

Notes
Turn   | Place    | Note
-------+----------+-------------------------------------------
     0 | D:1      | bobarctor the Deep Elf Necromancer began the quest for the
                  | Orb.
     0 | D:1      | Reached XP level 1. HP: 10/10 MP: 6/6
   286 | D:1      | Reached skill level 5 in Necromancy
   403 | D:1      | Learned a level 1 spell: Animate Skeleton
   563 | D:1      | Reached XP level 2. HP: 14/15 MP: 6/8
   786 | D:1      | Found a faded altar of an unknown god.
   792 | D:1      | Became a worshipper of Vehumet
   792 | D:1      | Reached * piety under Vehumet
   792 | D:1      | Offered knowledge of Freeze by Vehumet.
   795 | D:1      | Learned a level 1 spell: Freeze
  1134 | D:2      | Reached XP level 3. HP: 16/19 MP: 7/10
  1256 | D:2      | Learned a level 3 spell: Vampiric Draining
  1800 | D:2      | Found Ucex Zas's Antique Armour Shoppe.
  1891 | D:2      | Found Bill's Distillery.
  1936 | D:2      | Found Leatuobe's Weapon Shoppe.
  2294 | D:2      | Offered knowledge of Magic Dart by Vehumet.
  2297 | D:2      | Learned a level 1 spell: Magic Dart
  2310 | D:2      | Reached ** piety under Vehumet
  2311 | D:2      | Reached XP level 4. HP: 17/24 MP: 9/12
  2512 | D:2      | Found Ikkufoga's Antique Armour Boutique.
  2698 | D:2      | Found Toaqu's Book Emporium.
  3091 | D:3      | Found a transporter.
  3144 | D:3      | Found a transporter.
  3144 | D:3      | Noticed freelancePsychic's ghost (weakling DsTm)
  3453 | D:3      | Reached skill level 5 in Spellcasting
  3943 | D:3      | Reached skill level 1 in Conjurations
  4090 | D:3      | Reached skill level 6 in Necromancy
  4090 | D:3      | Reached XP level 5. HP: 24/28 MP: 14/14
  4506 | D:4      | Noticed Ijyb
  4508 | D:4      | Splashed by Ijyb's acid

Illustrated notes

Levels and vault maps discovered:
D:1:      evilmike_arrival_crescent, layout_basic, ebering_ecumenical_altar_webs
D:2:      layout_basic, serial_shops, nicolae_shop_statue_plus, shop, shop,
          nicolae_shop_behind_doors, shop
D:3:      layout_loops_ring, gammafunk_ghost_arena,
          chequers_serial_rivers_large_b, dk_noncrumbling_4
D:4:      layout_basic, minmay_temple_entry_grid, uniq_blork_the_orc, uniq_ijyb

Skill      XL: |  1  2  3  4 |
---------------+-------------+-----
Necromancy     | 5 6 |  6.0
Spellcasting   | 4 5 |  5.6
Conjurations   | 1 |  1.7
Stealth        | 3 |  3.0
Dodging        | |  2.7

Action                   |  1- 3 |  4- 6 || total
-------------------------+-------+-------++-------
Throw: Dart              |     1 |     2 ||     3
 Cast: Pain              |    75 |    46 ||   121
       Freeze            |     1 |     2 ||     3
       Vampiric Draining |     2 |     9 ||    11
       Magic Dart        |       |    20 ||    20
Armor: Robe              |       |     1 ||     1
Dodge: Dodged            |     9 |     4 ||    13

Table legend: (Time is in decaauts)
 A = Elapsed time spent in this place.
 B = Non-inter-level travel time spent in this place.
 C = Inter-level travel time spent in this place.
 D = Time resting spent in this place.
 E = Time spent auto-exploring this place.
 F = Levels seen in this place.
 G = Mean time per level.
                   A        B        C        D        E       F      G
               +--------+--------+--------+--------+--------+-----+--------+
         Total |   4535 |   4426 |    109 |   1331 |   2703 |   4 | 1133.8 |
       Dungeon |   4535 |   4426 |    109 |   1331 |   2703 |   4 | 1133.8 |
               +--------+--------+--------+--------+--------+-----+--------+

Top non-repeatable levels by time:
     D:2: 1950 daAuts
     D:3: 1384 daAuts
     D:1: 1007 daAuts
     D:4: 193 daAuts
